 Dungeon Crawl Stone Soup version 0.18.1-1-g2f07953 (webtiles) character file.

711 Eucla the Cleaver (level 7, -3/66 HPs)
             Began as a Deep Dwarf Gladiator on May 9, 2016.
             Was a Follower of Makhleb.
             Slain by Menkaure (14 damage)
             ... on level 5 of the Dungeon.
             The game lasted 00:05:30 (3009 turns).

Eucla the Cleaver (Deep Dwarf Gladiator)            Turns: 3009, Time: 00:05:30

Health: -3/66      AC: 10    Str: 18    XL:     7   Next: 40%
Magic:  6/6        EV:  8    Int:  9    God:    Makhleb [*.....]
Gold:   263        SH:  0    Dex: 15    Spells: 0 memorised, 6 levels left

rFire  . . .     SeeInvis .     a - +0 war axe
rCold  . . .     Gourm    .     k - +0 chain mail
rNeg   . . .     Faith    .     (no shield)
rPois  .         Spirit   .     c - +0 helmet
rElec  .         Dismiss  .     y - +0 cloak
rCorr  .         Reflect  .     (no gloves)
SustAt +         Harm     .     (no boots)
MR     +....                    (no amulet)
Stlth  ..........               (no ring)
                                i - ring of sustain attributes

@: non-regenerating, somewhat resistant to hostile enchantments, extremely
unstealthy
A: damage resistance, recharge devices, sense surroundings 1, slow regeneration
3
a: Device Recharging, Renounce Religion


You were on level 5 of the Dungeon.
You worshipped Makhleb.
Makhleb was aware of your devotion.
You were not hungry.

You visited 1 branch of the dungeon, and saw 5 of its levels.

You collected 263 gold pieces.

Inventory:

Hand Weapons
 a - a +0 war axe (weapon)
Missiles
 d - 3 throwing nets (quivered)
Armour
 b - a +0 leather armour
 c - a +0 helmet (worn)
 k - a +0 chain mail (worn)
 y - a +0 cloak (worn)
Jewellery
 i - a ring of sustain attributes (left hand)
 x - an uncursed ring of protection from cold {unknown}
Wands
 e - a wand of heal wounds (5/9)
Scrolls
 g - 2 scrolls of fog {unknown}
 j - 2 scrolls of blinking {unknown}
 l - 4 scrolls of immolation {unknown}
 m - a scroll of enchant weapon {unknown}
 p - a scroll of enchant armour {unknown}
 r - 3 scrolls of remove curse {unknown}
 s - a scroll of magic mapping {unknown}
 w - 3 scrolls of identify {unknown}
 B - a scroll of teleportation {unknown}
Potions
 h - a potion of lignification {unknown}
 n - 2 potions of haste
 o - 3 potions of curing
 q - a potion of berserk rage {unknown}
 t - 3 potions of heal wounds
 u - 2 potions of degeneration {unknown}
 v - 2 potions of agility {unknown}
 z - a potion of resistance {unknown}
Comestibles
 f - 2 bread rations
 A - a meat ration


   Skills:
 + Level 4.6 Fighting
 * Level 8.0 Axes
 - Level 1.7 Throwing
 - Level 3.2 Dodging


You had 6 spell levels left.
You didn't know any spells.

Dungeon Overview and Level Annotations

Branches:
Dungeon (5/15)
 Temple: D:4-7

Altars:
Cheibriados
Makhleb
Qazlal
Xom
Zin

Annotations:
D:5 Menkaure


Innate Abilities, Weirdness & Mutations

You are resistant to damage.
You can recharge devices by infusing magical energy.
You passively map a small area around you.
You do not regenerate naturally.


Message History

Menkaure calls on the powers of darkness!
The giant frog convulses!
Your body is wracked with pain!
Unknown command.
You completely miss Menkaure.
Menkaure is lightly damaged.
Menkaure closely misses you.
Your chain mail prevents you from hitting Menkaure.
Menkaure is lightly damaged.
Menkaure hits you but does no damage.
Unknown command.
You slash Menkaure!
Menkaure is severely damaged.
Menkaure grins.
Menkaure hits you!
* * * LOW HITPOINT WARNING * * *
Menkaure closely misses you.
You hit Menkaure but do no damage.
Menkaure is heavily damaged.
Menkaure hits you!
You die...

, #.####.##.# , ,
#.####.##.#
###......##.# ,
#.....#####.# #.....#
#..# , #.....# #.##
#.....####.###### *
#.....##...Z....#
####)####.#@#)..... *
####[..)..##.#M#.###≈#*
#....##.#.## #F.,# *
*#.......#.# #.## * *
#....####.##.... , *
*##.#........#..# * *
.###.......... ... ,
........#..# ##.#
######.....#*, ,


You could see Menkaure, a giant frog and a quokka skeleton.

Vanquished Creatures
  An ogre (D:4)
  A giant frog (D:4)
  A scorpion (D:4)
  A howler monkey (D:4)
  Crazy Yiuf (D:2)
  3 hounds (D:4)
  An orc wizard (D:5)
  Jessica (D:3)
  Natasha (thrice) (D:4)
  A worker ant (D:4)
  A hound skeleton (D:4)
  4 gnolls (D:2)
  7 adders
  An ooze (D:4)
  An adder skeleton (D:4)
  3 worms
  A dart slug (D:2)
  2 giant geckos
  6 orcs
  5 giant cockroaches
  7 goblins
  5 hobgoblins
  3 jackals (D:2)
  4 quokkas (D:2)
  A ball python (D:1)
  6 bats (D:2)
  8 giant newts
  7 kobolds
  5 rats
  A plant (D:2)
92 creatures vanquished.

Notes
Turn   | Place    | Note
--------------------------------------------------------------
     0 | D:1      | Eucla the Deep Dwarf Gladiator began the quest for the Orb.
     0 | D:1      | Reached XP level 1. HP: 19/19 MP: 1/1
   683 | D:1      | Reached XP level 2. HP: 23/26 MP: 2/2
   895 | D:2      | Reached skill level 4 in Axes
   936 | D:2      | Found a faded altar to an unknown god.
  1011 | D:2      | Reached XP level 3. HP: 20/32 MP: 3/3
  1174 | D:2      | Found a shimmering altar of Xom.
  1196 | D:2      | Found a snail-covered altar of Cheibriados.
  1313 | D:2      | Reached XP level 4. HP: 11/40 MP: 4/4
  1552 | D:2      | Reached skill level 5 in Axes
  1819 | D:2      | Noticed Crazy Yiuf
  1834 | D:2      | Killed Crazy Yiuf
  1834 | D:2      | Reached XP level 5. HP: 19/49 MP: 5/5
  1975 | D:3      | Noticed Jessica
  1984 | D:3      | Killed Jessica
  2093 | D:3      | Found a burning altar of Makhleb.
  2101 | D:3      | Became a worshipper of Makhleb the Destroyer
  2233 | D:3      | Found a stormy altar of Qazlal.
  2270 | D:3      | Reached skill level 6 in Axes
  2363 | D:4      | Found a glowing silver altar of Zin.
  2375 | D:4      | Noticed Natasha
  2381 | D:4      | Killed Natasha
  2381 | D:4      | Reached XP level 6. HP: 27/57 MP: 6/6
  2398 | D:4      | Noticed Natasha
  2403 | D:4      | Killed Natasha
  2422 | D:4      | Noticed Natasha
  2433 | D:4      | Killed Natasha
  2513 | D:4      | Reached skill level 7 in Axes
  2593 | D:4      | Reached * piety under Makhleb
  2678 | D:4      | Reached XP level 7. HP: 29/64 MP: 7/7
  2939 | D:5      | Entered Level 5 of the Dungeon
  2970 | D:5      | Reached skill level 8 in Axes
  2998 | D:5      | Noticed Menkaure
  3009 | D:5      | Slain by Menkaure

Skill      XL: |  1  2  3  4  5  6  7 |
---------------+----------------------+-----
Fighting       | 2 3 4 |  4.6
Axes           | 4 5 6 7 8 |  8.0
Throwing       | |  1.7
Dodging        | |  3.2

Action                   |  1- 3 |  4- 6 |  7- 9 || total
-------------------------+-------+-------+-------++-------
Melee: War axe           |   158 |   214 |    46 ||   418
 Abil: Device Recharging |       |       |     1 ||     1
Evoke: Wand              |       |     4 |     2 ||     6
  Use: Potion            |       |     2 |       ||     2
  Eat: Chunk             |     1 |     2 |       ||     3
       Meat ration       |       |     1 |       ||     1
Armor: Chain mail        |    84 |   126 |    14 ||   224
Dodge: Dodged            |    72 |    88 |    24 ||   184
